Map: Orbital Shipyard

Players

iiiiiiiiiiii - Winner!

  • Race: Terran Terran
  • League: Grandmaster

SticklerMac

  • Race: Zerg Zerg
  • League: Grandmaster

VOD

Have the link to the VOD?

Description

Time

  • Played on: June 14, 2015, 11:25 p.m.
  • Length: 18:50
Show
View Real Time Build Order
Export as new Build Order

iiiiiiiiiiii Terran - Winner!

Build Orders: MMM Bio 

Get SALT Encoding   

  12  0:01  SCV  
  13  0:13  SCV  
  14  0:18  Supply Depot  
  14  0:25  SCV  
  15  0:40  SCV  
  15  0:41  Barracks  
  16  0:46  Refinery  
  16  0:52  SCV  
  17  1:04  SCV  
  18  1:16  SCV  
  19  1:28  Orbital Command  
  19  1:29  Marine  
  20  1:44  Command Center  
  20  1:56  Reaper  
  20  1:59  Supply Depot  
  20  2:00  SCV  
  22  2:11  Factory  
  22  2:16  SCV  
  23  2:28  SCV  
  24  2:40  SCV, Barracks Reactor  
  25  2:53  Command Center  
  25  2:55  SCV  
  26  2:59  Orbital Command  
  26  3:22  SCV  
  26  3:26  Barracks  
  27  3:27  Barracks Tech Lab  
  27  3:29  Barracks  
  27  3:30  SCV  
  27  3:33  Hellion  
  27  3:34  SCV, Hellion  
  33  3:45  SCV  
  33  3:48  Barracks  
  34  3:50  SCV  
  34  3:51  Refinery  
  34  3:53  Stimpack  
  35  3:57  Hellion  
  35  3:58  Hellion  
  35  4:01  SCV  
  40  4:06  SCV  
  41  4:13  Supply Depot  
  41  4:15  Orbital Command  
  41  4:19  SCV  
  41  4:20  SCV  
  43  4:25  Barracks Reactor x2  
  43  4:31  Factory Reactor, Starport  
  43  4:41  Barracks Reactor  
  43  4:43  SCV x3  
  46  5:00  Marine  
  46  5:02  SCV x3  
  50  5:13  Engineering Bay x2  
  46  5:14  SCV x3  
  46  5:17  Marine  
  46  5:18  Engineering Bay  
  46  5:19  Engineering Bay  
  50  5:21  Orbital Command  
  50  5:24  Medivac x2  
  54  5:34  Marine x6  
  60  5:37  Marine  
  60  5:41  Supply Depot  
  61  5:46  Supply Depot  
  61  5:52  Marine  
  61  5:53  Marine x4  
  64  6:00  Marine x2  
  66  6:05  Medivac x2  
  66  6:09  Marine  
  66  6:11  Marine  
  70  6:17  Refinery  
  70  6:19  Refinery  
  70  6:21  SCV x3  
  70  6:22  Marine x3  
  78  6:28  Supply Depot  
  78  6:31  Terran Infantry Weapons Level 1  
  76  6:35  Terran Infantry Armor Level 1  
  76  6:36  Marine x3  
  76  6:37  Marine  
  80  6:40  SCV x2  
  80  6:41  SCV  
  83  6:51  Combat Shields  
  83  6:52  SCV x2  
  83  6:53  SCV  
  86  7:04  Marine x4  
  86  7:05  Marine  
  86  7:06  Medivac  
  93  7:13  Supply Depot, SCV x2, Marine x2  
  96  7:18  Supply Depot  
  96  7:19  Supply Depot  
  96  7:22  Marine x2  
  98  7:29  Barracks  
  98  7:37  Missile Turret  
  98  7:40  Missile Turret  
  98  7:41  Missile Turret  
  98  7:44  Missile Turret  
  98  7:45  Marine  
  98  7:46  Marine x2  
  98  7:50  Supply Depot  
  104  7:58  Marine x3  
  101  7:59  Marine  
  101  8:00  Medivac x2  
  101  8:03  Marine  
  110  8:07  Marine x2  
  110  8:09  SCV x2  
  110  8:12  Supply Depot  
  114  8:15  Supply Depot  
  114  8:16  Factory Reactor, Marine x2  
  114  8:18  Marine x2  
  114  8:19  Barracks, Marine x2  
  120  8:21  Marine  
  120  8:23  Armory  
  120  8:24  Marine  
  120  8:25  Marine  
  123  8:30  Medivac x2  
  123  8:34  SCV x2, Marine x2  
  127  8:35  SCV  
  127  8:36  Supply Depot, Marine x2  
  134  8:48  Marine x4  
  125  8:49  Marine  
  125  8:52  Marine x2  
  125  8:54  Marine  
  125  8:55  Marine  
  122  9:00  Medivac x2  
  127  9:03  Command Center  
  127  9:04  Refinery, Factory Reactor  
  127  9:05  Marine  
  127  9:06  Refinery, Marine x2  
  127  9:08  Supply Depot  
  130  9:11  Supply Depot  
  130  9:14  Marine x2  
  130  9:15  Marine x5  
  130  9:16  Marine  
  138  9:24  Marine x2  
  138  9:25  Marine  
  138  9:30  Terran Infantry Weapons Level 2  
  141  9:31  Supply Depot, Terran Infantry Armor Level 2  
  141  9:32  Marine x3  
  141  9:33  Marine x4  
  141  9:35  Supply Depot  
  117  9:56  Marine x2  
  117  9:57  Marine x6  
  106  10:06  Marine x3  
  103  10:11  Barracks  
  99  10:14  Marine x4  
  99  10:15  Marine x2  
  99  10:16  Marine x2  
  106  10:23  Marine  
  106  10:24  Marine x2  
  106  10:27  Medivac x2  
  113  10:32  Orbital Command, Terran Ship Armor Level 1, Marine x3  
  116  10:37  Marine x4  
  116  10:38  Marine  
  116  10:41  Marine x2  
  116  10:42  Marine  
  124  10:50  Marine x3  
  124  10:55  Marine x5  
  132  10:58  Marine x2  
  132  10:59  Marine x3  
  137  11:07  Marine  
  137  11:08  Marine x2  
  140  11:16  Marine x5  
  136  11:24  Marine x3  
  128  11:26  Supply Depot, Factory Reactor, Marine x3  
  128  11:27  Marine x2  
  128  11:32  Orbital Command  
  133  11:33  Marine  
  133  11:34  Marine x2  
  133  11:35  Marine x2  
  138  11:42  Marine x3  
  138  11:44  Marine  
  142  11:51  Marine  
  142  11:52  Marine x6  
  142  11:53  Marine  
  118  11:55  Medivac x2  
  122  12:08  Marine x3  
  122  12:09  Marine x5  
  122  12:10  Marine x4  
  122  12:11  Marine  
  124  12:26  Marine x4  
  124  12:27  Marine x3  
  124  12:29  Marine  
  127  12:31  Terran Infantry Weapons Level 3, Terran Infantry Armor Level 3  
  127  12:34  Barracks  
  127  12:36  Marine x4  
  131  12:47  Marine x5  
  136  12:55  Marine x2  
  136  12:56  Marine x5  
  143  13:02  Marine  
  144  13:11  Marine  
  144  13:12  Marine x4  
  149  13:13  Marine x2  
  151  13:27  Marine  
  151  13:28  Marine x6  
  151  13:32  Marine x2  
  160  13:37  Marine x3  
  163  13:54  Marine x2  
  165  13:58  Marine  
  165  13:59  Marine x2  
  168  14:11  Marine x2  
  168  14:14  Marine x5  
  168  14:15  Marine x2  
  177  14:30  Marine x2  
  131  14:53  Marine x4  
  131  14:54  Marine x9  
  131  14:55  Marine  
  105  15:11  Marine x5  
  105  15:12  Marine x4  
  114  15:16  Marine x4  
  118  15:27  Marine x2  
  120  15:29  Marine x8  
  120  15:30  Marine  
  120  15:33  Marine  
  120  15:34  Marine x3  
  133  15:44  Marine  
  133  15:45  Marine  
  133  15:46  Marine  
  133  15:47  Marine x3  
  139  15:58  Marine x2  
  139  15:59  Marine x7  
  139  16:02  Marine x2  
  150  16:04  Marine x3  
  150  16:05  Marine  
  154  16:16  Marine x4  
  154  16:17  Marine x5  
  163  16:20  Marine x2  
  163  16:22  Marine x3  
  163  16:23  Marine  
  161  16:38  Marine  
  161  16:39  Marine x7  
  161  16:40  Marine x6  
  161  16:41  Marine  
  166  16:56  Marine x3  
  166  16:57  Marine  
  166  17:00  Marine x2  
  166  17:01  Marine x3  
  170  17:02  Marine x6  
  179  17:14  Marine x2  
  181  17:16  Marine x2  
  181  17:17  Marine  
  181  17:18  Marine  
  181  17:19  Marine x3  
  181  17:20  Marine  
  157  17:35  Marine x7  
  157  17:36  Marine  
  142  17:47  Marine x4  
  146  17:56  Marine x5  
  151  18:09  Command Center, Marine  
  151  18:10  Marine x4  
  156  18:19  Marine x2  
  157  18:20  Marine x2  
Show
View Real Time Build Order
Export as new Build Order

SticklerMac Zerg 

Build Orders: Hatch First, Muta Ling Bane 

Get SALT Encoding   

  12  0:01  Drone  
  13  0:08  Drone  
  14  0:17  Overlord  
  14  0:38  Drone x3  
  17  0:54  Hatchery  
  17  0:55  Drone  
  17  1:01  Drone, Extractor  
  17  1:15  Spawning Pool  
  16  1:18  Drone  
  16  1:23  Drone  
  18  1:32  Drone  
  19  1:44  Drone  
  20  1:54  Drone  
  21  2:03  Metabolic Boost  
  21  2:05  Drone  
  22  2:11  Hatchery  
  22  2:14  Queen  
  23  2:27  Queen  
  23  2:28  Drone  
  26  2:35  Drone x2  
  28  2:50  Overlord x2  
  27  3:15  Drone x4  
  27  3:16  Drone x2  
  33  3:26  Drone  
  34  3:34  Baneling Nest  
  34  3:37  Drone x6, Roach Warren  
  38  3:46  Drone x3  
  41  3:49  Queen  
  41  3:52  Overlord  
  43  3:57  Overlord  
  43  3:58  Drone  
  43  3:59  Drone  
  45  4:07  Drone x5  
  50  4:14  Lair  
  50  4:15  Extractor  
  49  4:18  Extractor  
  49  4:20  Extractor  
  47  4:24  Drone x2  
  47  4:25  Drone x5  
  56  4:45  Roach  
  56  4:46  Roach x5  
  56  4:49  Roach  
  56  4:51  Roach  
  61  5:00  Roach x2  
  61  5:01  Drone  
  63  5:19  Drone x3  
  66  5:32  Overlord x2  
  66  5:33  Overlord x3  
  66  5:53  Infestation Pit  
  65  6:04  Overlord x2  
  65  6:06  Overlord  
  65  6:09  Spire  
  64  6:12  Hatchery, Drone x13  
  76  6:44  Drone  
  76  6:45  Drone x13  
  90  6:48  Extractor  
  90  6:51  Glial Reconstitution, Extractor  
  88  6:55  Burrow  
  88  6:56  Centrifical Hooks  
  87  7:23  Drone x5  
  87  7:24  Drone  
  93  7:32  Queen  
  95  7:37  Mutalisk x5  
  95  7:38  Mutalisk, Zergling x2  
  95  7:39  Zergling x10  
  113  7:44  Zerg Flyer Weapons Level 1  
  113  7:48  Evolution Chamber  
  113  7:49  Evolution Chamber  
  111  7:58  Drone x3  
  113  8:01  Mutalisk x3  
  113  8:02  Zergling x2  
  113  8:03  Zergling x24  
  133  8:10  Zergling x4  
  133  8:11  Zergling x2  
  136  8:15  Overseer  
  136  8:16  Overseer  
  136  8:17  Overseer  
  136  8:35  Overlord x6  
  136  8:36  Overlord x5  
  121  8:56  Zergling x4  
  121  8:57  Zergling x22  
  134  9:05  Queen  
  136  9:19  Zergling x2  
  136  9:20  Zergling x24  
  136  9:21  Zergling x8  
  152  9:35  Baneling x3  
  152  9:36  Baneling x18  
  150  9:42  Zergling x22  
  129  9:55  Zergling x2  
  129  9:56  Zergling x10  
  127  10:04  Zergling x14  
  113  10:10  Zergling x2  
  100  10:21  Baneling x10  
  92  10:23  Queen x4  
  92  10:37  Mutalisk x10  
  92  10:38  Mutalisk  
  92  10:41  Zergling x2  
  115  10:47  Baneling  
  115  10:48  Baneling  
  115  10:49  Baneling x20  
  115  10:50  Baneling  
  115  10:52  Zergling x14  
  109  11:20  Zergling x14  
  109  11:21  Zergling x14  
  119  11:32  Zergling x2  
  119  11:33  Zergling x6  
  118  11:48  Zergling x4  
  118  11:49  Zergling x12  
  118  11:50  Zergling x14  
  106  11:56  Baneling x2  
  106  11:57  Baneling x16  
  106  11:59  Zergling x10  
  111  12:14  Mutalisk x7  
  111  12:15  Mutalisk  
  121  12:28  Mutalisk  
  121  12:29  Mutalisk  
  123  12:33  Baneling x3  
  123  12:46  Zergling x16  
  123  12:47  Zergling x24  
  143  12:55  Baneling x5  
  143  12:56  Baneling x8  
  143  13:03  Extractor  
  142  13:06  Extractor  
  141  13:22  Hive  
  141  13:28  Baneling x14  
  141  13:30  Hatchery, Zergling x18  
  141  13:31  Zergling x10  
  154  13:42  Zergling x2  
  154  13:43  Zergling x16  
  163  14:34  Overlord x3  
  160  14:46  Ultralisk Cavern  
  99  15:16  Queen  
  99  15:19  Drone  
  99  15:20  Drone x7  
  99  15:21  Drone x3  
  112  15:23  Extractor  
  112  15:26  Extractor  
  110  15:46  Ultralisk x6  
  110  15:47  Ultralisk x2  
  156  16:37  Ultralisk x5  
  156  16:38  Ultralisk  
  192  16:40  Zergling x8  
  192  16:43  Mutalisk  
  192  16:46  Mutalisk  
  200  17:13  Mutalisk  
  200  17:14  Mutalisk x6  
  157  17:27  Ultralisk x8  
  121  17:42  Ultralisk  
  121  17:43  Ultralisk  
Tags
 
Add a new tag
Caveats
  • Supply blocks, unpowered buildings, or Contaminate may cause inaccurate times.
  • Supply counts are checked every 10 seconds.